 Dungeon Crawl Stone Soup version 0.28-a0-1506-g3893175d92 (webtiles) character file.

Game seed: 13158408991132679488

25927 comborobin the Carver (level 12, 0/92 HPs)
             Began as a Mummy Delver on Jan 14, 2022.
             Was an Elder of Ashenzari.
             Slain by a white ugly thing (1 damage)
             ... on level 14 of the Dungeon.
             The game lasted 00:27:55 (17281 turns).

comborobin the Carver (Mummy Delver)               Turns: 17281, Time: 00:27:56

Health: 0/92       AC:  9    Str: 21    XL:     12   Next: 93%
Magic:  22/22      EV: 16    Int:  9    God:    Ashenzari [****..]
Gold:   654        SH:  6    Dex: 19    Spells: 22/25 levels left

rFire   . . .      SeeInvis +   j - +9 scimitar "Share My Relativism" {drain, +Blink rPois Str+4 Dex+2, Bglg, Fort} (curse)
rCold   + + +      Faith    .   v - +0 buckler of Toth-Mos's Legacy {Bglg, Comp} (curse)
rNeg    + + +      Spirit   .   D - +0 troll leather armour "Esoteric Boredom" {Regen+, Melee, Comp} (curse)
rPois   ∞          Reflect  .   p - +0 helmet of Ashenzari's Planets {Evo, Comp} (curse)
rElec   .          Harm     .   t - scarf "Gnostic Foul Odours" {rC+ rF+, Fort, Bglg} (curse)
rCorr   .          Rampage  .   g - +0 pair of gloves "Circumscribed Together" {Melee, Bglg} (curse)
Will    +....      Clarity  +   (no boots)
Stlth   +++.......              (no amulet)
HPRegen 1.05/turn               C - ring of protection from cold
MPRegen 0.18/turn               B - ring of the Unyielding Gaze {Wiz, Bglg, Comp} (curse)

@: no status effects
A: cold resistance 1, negative energy resistance 3, torment resistance 2, heat
vulnerability 1, no potions
a: Renounce Religion, Evoke Blink, Shatter the Chains


You were on level 14 of the Dungeon.
You worshipped Ashenzari.
Ashenzari was greatly pleased with you.
You visited 3 branches of the dungeon, and saw 17 of its levels.

You collected 1102 gold pieces.
You spent 448 gold pieces at shops.

Inventory:

Hand Weapons
 a - a +1 mace
 j - the cursed +9 scimitar "Share My Relativism" (weapon) {drain, +Blink rPois Str+4 Dex+2, Bglg, Fort}
   (You found it on level 5 of the Dungeon)

   A truly terrible weapon, it drains the life of any living foe it strikes.
   Str:       It affects your strength (+4).
   Dex:       It affects your dexterity (+2).
   rPois:     It protects you from poison.
   +Blink:    It lets you blink.
   It has a curse which improves the following skills: Beguiling: Conjurations,
   Hexes and Translocations.
   Fortitude: Armour and Shields.
Missiles
 r - 12 poisoned darts
 x - 3 atropa-tipped darts (quivered)
 y - a throwing net
Armour
 g - the cursed +0 pair of gloves "Circumscribed Together" (worn) {Melee, Bglg}
   (You found it on level 2 of the Dungeon)

   It has a curse which improves the following skills: Melee Combat: Short
   Blades, Long Blades, Axes, Maces & Flails, Polearms, Staves and Unarmed
   Combat.
   Beguiling: Conjurations, Hexes and Translocations.
 p - the cursed +0 helmet of Ashenzari's Planets (worn) {Evo, Comp}
   (You found it on level 7 of the Dungeon)

   It has a curse which improves the following skills: Evocations: Evocations.
   Companions: Summonings and Necromancy.
 q - a +1 hat
 s - a +0 helmet
 t - the cursed scarf "Gnostic Foul Odours" (worn) {rC+ rF+, Fort, Bglg}
   (You bought it in a shop on level 5 of the Dungeon)

   It has a curse which improves the following skills: Fortitude: Armour and
   Shields.
   Beguiling: Conjurations, Hexes and Translocations.
 v - the cursed +0 buckler of Toth-Mos's Legacy (worn) {Bglg, Comp}
   (You found it on level 8 of the Dungeon)

   It has a curse which improves the following skills: Beguiling: Conjurations,
   Hexes and Translocations.
   Companions: Summonings and Necromancy.
 D - the cursed +0 troll leather armour "Esoteric Boredom" (worn) {Regen+, Melee, Comp}
   (You found it on level 13 of the Dungeon)

   Regen:     It increases your rate of health regeneration.
   It has a curse which improves the following skills: Melee Combat: Short
   Blades, Long Blades, Axes, Maces & Flails, Polearms, Staves and Unarmed
   Combat.
   Companions: Summonings and Necromancy.
Jewellery
 e - a +6 ring of intelligence
 k - the amulet of Mutualism {rPois Will+ Regen+}
   (You found it on level 13 of the Dungeon)

   [amulet of regeneration]

   rPois:     It protects you from poison.
   Regen:     It increases your rate of health regeneration.
   Will:      It increases your willpower.
 B - the cursed ring of the Unyielding Gaze (right hand) {Wiz, Bglg, Comp}
   (You found it on level 9 of the Dungeon)

   [ring of wizardry]

   It improves your spell success rate.
   It has a curse which improves the following skills: Beguiling: Conjurations,
   Hexes and Translocations.
   Companions: Summonings and Necromancy.
 C - a ring of protection from cold (left hand)
Wands
 f - a wand of digging (2)
 h - a wand of iceblast (8)
 n - a wand of charming (3)
 w - a wand of polymorph (5)
 z - a wand of flame (10)
Scrolls
 b - a scroll of fear
 c - a scroll of fog
 d - 4 scrolls of teleportation
 i - a scroll of amnesia
 l - a scroll of torment
 m - 3 scrolls of blinking
 o - a scroll of brand weapon
 u - 2 scrolls of magic mapping
 A - 2 scrolls of silence


   Skills:
 + Level 8.0 Fighting
 + Level 10.4(13.4) Long Blades
 - Level 1.5(3.5) Maces & Flails
 - Level 8.8(11.8) Armour
 - Level 7.2 Dodging
 - Level 4.1 Stealth
 - Level 4.0(6.7) Shields
 - Level 7.0 Spellcasting
 - Level 2.4(6.5) Translocations
 - Level 4.7(6.6) Evocations


You had 22 spell levels left.
You knew the following spells:

 Your Spells              Type           Power      Damage    Failure   Level
b - Blink                 Tloc           28%        N/A       1%          2
A - Apportation           Tloc           28%        N/A       1%          1

Your spell library contained the following spells:

 Spells                   Type           Power      Damage    Failure   Level
 Pain                     Necr           16%        1d4       9%          1
 Summon Small Mammal      Summ           16%        N/A       9%          1
 Ensorcelled Hibernation  Hex/Ice        6%         N/A       14%         2
 Scorch                   Fire           6%         2d5       16%         2
 Manifold Assault         Tloc           14%        N/A       21%         5
 Summon Guardian Golem    Hex/Summ       4%         N/A       24%         3
 Call Canine Familiar     Summ           4%         N/A       26%         3
 Conjure Flame            Conj/Fire      3%         6-21      26%         3
 Frozen Ramparts          Ice            6%         1d2       32%         3
 Ignite Poison            Fire/Tmut/Pois 3%         N/A       32%         3
 Anguish                  Hex/Necr       2%         N/A       58%         4
 Animate Armour           Summ/Erth      6%         N/A       65%         4
 Flame Wave               Conj/Fire      3%         2d4       65%         4
 Sticky Flame             Conj/Fire      3%         2d3       65%         4
 Summon Ice Beast         Ice/Summ       3%         N/A       65%         4
 Agony                    Necr           4%         N/A       90%         5
 Excruciating Wounds      Necr           2%         N/A       90%         5
 Alistair's Intoxication  Tmut/Pois      2%         N/A       95%         5
 Iron Shot                Conj/Erth      1%         9d1       100%        6
 Summon Cactus Giant      Summ           2%         N/A       100%        6
 Spider Form              Tmut/Pois      Unusable   N/A       N/A         3
 Ice Form                 Ice/Tmut       Unusable   N/A       N/A         4
 Blade Hands              Tmut           Unusable   N/A       N/A         5
 Storm Form               Tmut/Air       Unusable   N/A       N/A         7

Dungeon Overview and Level Annotations

Branches:
Dungeon (15/15)            Temple (1/1) D:7            Lair (0/6) D:8
    Orc (1/2) D:12         Depths (0/4) D:15
 Vaults: D:13-14

Altars:
Ashenzari
Cheibriados
Dithmenos
Elyvilon
Gozag
Makhleb
Nemelex Xobeh
Okawaru
Ru
Sif Muna
Trog
Yredelemnul
Zin

Shops:
D:5 *?   D:10 !

Annotations:
D:11 exclusions: 5 doors and 3 more exclusions


Innate Abilities, Weirdness & Mutations

You are immune to poison.
Your flesh is cold resistant. (rC+)
You are immune to negative energy. (rN+++)
You are immune to unholy pain and torment.
You are vulnerable to heat. (rF-)
You do not drink.


Message History

You are engulfed in flames!!
There is a stone staircase leading up here.
Unknown command.
Unknown command.
You block the spriggan air mage zombie's attack.
The red ugly thing misses you.
You climb upwards.
There is a stone staircase leading down here.
Unknown command.
Unknown command.
Unknown command.
You barely miss the red ugly thing. The red ugly thing closely misses you.
The flayed ghost completely misses you.
Aiming: Polymorph
Press: ? - help, Shift-Dir - straight line, f - red ugly thing
Aim: a red ugly thing (will change colour)
The red ugly thing basks in the mutagenic energy and changes!
The flayed ghost barely misses you. The white ugly thing misses you.
Unknown command.
Unknown command.
You barely miss the white ugly thing. You closely miss the white ugly thing.
The flayed ghost hits you!! The white ugly thing barely misses you.
You slash the white ugly thing!
The white ugly thing is moderately wounded.
You block the flayed ghost's attack. The white ugly thing stings you!
The white ugly thing freezes you. You resist.
You slash the white ugly thing! You drain the white ugly thing.
The white ugly thing is heavily wounded.
You barely miss the white ugly thing.
The white ugly thing is heavily wounded.
The flayed ghost hits you!
* * * LOW HITPOINT WARNING * * *
You block the white ugly thing's attack.
You slash the white ugly thing! You drain the white ugly thing.
The white ugly thing is severely wounded.
The flayed ghost hits you!
* * * LOW HITPOINT WARNING * * *
The white ugly thing stings you.
You die...

* ≈≈.######...........,
, , * #≈
≈.(................. ,
,
+.,.........###########
** ,,*
+..,...##...##### ,
+... , ##...## * ,*
**#≈≈≈..###...# ,,
#≈≈≈≈.###...# *
#≈≈≈≈....†..###### *
*** , ,
p≈≈≈≈.....@W...... , ,,
, +,,
e≈≈≈≈.##.u.<...... ,, ,
,
,,,#≈≈≈.###.#########,
, *** #≈≈.. ...# * * ,,
, ** #... ....., , ,, ,
, ,, ..........,, , ,,
, , , *########### * *
* , ** ** * * ** * , *


You could see a white ugly thing (drained) and a flayed ghost.

Vanquished Creatures
  3 boulder beetles
  2 hydras
  A centaur warrior (D:12)
  2 two-headed ogres
  A tengu warrior (D:13)
  4 skeletal warriors
  The ghost of Pin the Cudgeller, a novice DsCA of Qazlal (D:8)
  2 manticores (D:12)
  2 deep elf pyromancers (D:12)
  2 ugly things
  2 cyclopes (D:11)
  2 unseen horrors
  An efreet (D:13)
  4 kobold demonologists
  A freezing wraith (D:11)
  A troll (shapeshifter) (D:14)
  7 trolls
  A hornet (shapeshifter) (D:12)
  2 hornets
  Prince Ribbit (D:5)
  A slime creature (D:8)
  Sigmund (D:2)
  2 wraiths (D:12)
  A basilisk (D:13)
  20 yaks
  2 shadows
  2 humans (D:8)
  2 steam dragons
  5 vampire mosquitoes
  11 orc warriors
  An ice beast (D:7)
  A sky beast (D:5)
  5 ogres
  6 centaurs
  4 kobold brigands
  5 bullfrogs
  3 scorpions
  A water moccasin zombie (D:6)
  13 killer bees
  6 wights
  2 howler monkeys
  A bullfrog zombie (D:6)
  3 hounds
  2 jellies
  13 orc priests
  2 iguanas
  A bullfrog skeleton (D:6)
  Ijyb (D:3)
  Terence (D:2)
  10 orc wizards
  Natasha (twice) (D:2)
  A killer bee zombie (D:7)
  A hound skeleton (D:3)
  A howler monkey zombie (D:8)
  10 adders
  2 white imps (D:7)
  2 worms
  3 dart slugs
  32 orcs
  2 endoplasms
  7 giant cockroaches
  4 goblins
  2 hobgoblins
  10 kobolds
  3 quokkas (D:1)
  5 ball pythons
  11 bats
  8 frilled lizards
  2 rats
278 creatures vanquished.

Vanquished Creatures (collateral kills)
  A centaur (D:13)
1 creature vanquished.

Vanquished Creatures (others)
  A manticore (D:12)
  A giant cockroach (D:13)
  3 kobolds (D:7)
5 creatures vanquished.

Grand Total: 284 creatures vanquished

Notes
Turn   | Place    | Note
-------+----------+-------------------------------------------
     0 | D:5      | comborobin the Mummy Delver began the quest for the Orb.
     0 | D:5      | Reached XP level 1. HP: 18/18 MP: 1/1
    49 | D:5      | Found a broken altar of Ashenzari.
    53 | D:5      | Became a worshipper of Ashenzari the Shackled
   149 | D:5      | Identified the +9 scimitar "Ebasy" {drain, +Blink rPois
                  | Str+4 Dex+2}
   165 | D:5      | Noticed a sky beast
   204 | D:5      | Noticed a scorpion
   262 | D:5      | Noticed an ogre
   343 | D:4      | Noticed an iguana
   459 | D:2      | Noticed Natasha
   874 | D:1      | Reached XP level 2. HP: 24/24 MP: 2/2
  1846 | D:1      | Reached XP level 3. HP: 29/29 MP: 3/3
  2168 | D:2      | Found a faded altar of an unknown god.
  2385 | D:2      | Reached * piety under Ashenzari
  2503 | D:2      | Noticed Sigmund
  2509 | D:2      | Killed Sigmund
  2510 | D:2      | Reached skill level 3 in Long Blades
  2510 | D:2      | Reached XP level 4. HP: 32/35 MP: 4/4
  2510 | D:2      | Reached XP level 5. HP: 37/41 MP: 5/5
  2664 | D:2      | Killed Natasha
  2682 | D:2      | Noticed Terence
  2687 | D:2      | Killed Terence
  2688 | D:2      | Reached skill level 4 in Long Blades
  2688 | D:2      | Reached XP level 6. HP: 43/47 MP: 6/6
  2864 | D:2      | Noticed Natasha
  2868 | D:2      | Killed Natasha
  2972 | D:3      | Found a burning altar of Makhleb.
  3133 | D:3      | Found an opulent altar of Gozag.
  3684 | D:4      | Reached ** piety under Ashenzari
  3908 | D:4      | Reached skill level 5 in Long Blades
  3908 | D:4      | Reached XP level 7. HP: 53/53 MP: 7/7
  3974 | D:4      | Noticed Ijyb
  4082 | D:3      | Killed Ijyb
  4198 | D:4      | Found a snail-covered altar of Cheibriados.
  4230 | D:4      | Learned a level 1 spell: Apportation
  4350 | D:5      | Reached skill level 6 in Long Blades
  4550 | D:5      | Found Lyfrazia's Neck Hole.
  4725 | D:5      | Reached XP level 8. HP: 43/61 MP: 8/8
  5009 | D:5      | Found Heduclo's Magic Scroll Emporium.
  5022 | D:5      | Found a bloodstained altar of Trog.
  5040 | D:5      | Noticed Prince Ribbit
  5057 | D:5      | Killed Prince Ribbit
  5058 | D:5      | Reached skill level 7 in Long Blades
  5914 | D:6      | Reached skill level 5 in Fighting
  6078 | D:6      | Found a shimmering blue altar of Sif Muna.
  6346 | D:7      | Found a staircase to the Ecumenical Temple.
  6365 | Temple   | Entered the Ecumenical Temple
  6376 | Temple   | Reached skill level 8 in Long Blades
  6675 | D:7      | Noticed a hornet
  6682 | D:7      | Killed a hornet
  6683 | D:7      | Reached XP level 9. HP: 25/68 MP: 9/9
  7013 | D:7      | Found a basalt altar of Yredelemnul.
  7435 | D:7      | Reached skill level 5 in Dodging
  7823 | D:6      | Reached skill level 9 in Long Blades
  8379 | D:8      | Reached *** piety under Ashenzari
  8496 | D:8      | Found an iron altar of Okawaru.
  8510 | D:8      | Reached skill level 1 in Evocations
  8668 | D:8      | Reached **** piety under Ashenzari
  8697 | D:8      | Reached XP level 10. HP: 52/77 MP: 10/10
  8914 | D:8      | Learned a level 2 spell: Blink
  8977 | D:8      | Found a runed translucent gate.
  8977 | D:8      | Found a runed translucent gate.
  8977 | D:8      | Found a runed translucent gate.
  8977 | D:8      | Found an opulent altar of Gozag.
  8978 | D:8      | Noticed Pin's ghost (novice DsCA)
  9081 | D:8      | Found a staircase to the Lair.
  9159 | D:8      | Reached skill level 1 in Translocations
  9448 | D:9      | Noticed a two-headed ogre
  9453 | D:9      | Killed a two-headed ogre
  9742 | D:9      | Found a sparkling altar of Nemelex Xobeh.
 10252 | D:9      | Reached skill level 1 in Shields
 10557 | D:10     | Entered Level 10 of the Dungeon
 10923 | D:10     | Found Loit's Distillery.
 11222 | D:10     | Reached XP level 11. HP: 56/83 MP: 11/11
 11372 | D:10     | Found a shadowy altar of Dithmenos.
 11983 | D:11     | Reached skill level 1 in Armour
 12096 | D:5      | Bought a scarf of resistance for 448 gold pieces
 12192 | D:9      | Reached ***** piety under Ashenzari
 12264 | D:8      | Killed Pin's ghost
 12542 | D:11     | Noticed a four-headed hydra
 12608 | D:11     | Noticed a frost giant
 12608 | D:11     | Noticed a glowing orange brain
 12608 | D:11     | Noticed a boulder beetle
 12609 | D:11     | Noticed a fire giant
 12614 | D:11     | a glowing orange brain changed into a merfolk
 13041 | D:11     | Noticed a centaur warrior
 13125 | D:11     | Killed a boulder beetle
 13126 | D:11     | Reached skill level 5 in Armour
 13454 | D:11     | Killed a four-headed hydra
 13589 | D:12     | Noticed a six-headed hydra
 13600 | D:12     | Noticed a centaur warrior
 13602 | D:12     | Killed a six-headed hydra
 13606 | D:12     | Killed a centaur warrior
 13639 | D:12     | Noticed a boulder beetle
 13649 | D:12     | Killed a boulder beetle
 13712 | D:12     | Reached XP level 12. HP: 51/89 MP: 12/12
 14429 | D:12     | Reached skill level 1 in Spellcasting
 14676 | D:12     | Found a staircase to the Orcish Mines.
 14989 | D:13     | Noticed a tengu warrior
 14993 | D:13     | Killed a tengu warrior
 15791 | D:13     | Found a sacrificial altar of Ru.
 15852 | D:14     | Reached skill level 5 in Spellcasting
 16128 | D:13     | Noticed a two-headed ogre
 16140 | D:13     | Killed a two-headed ogre
 16141 | D:13     | Reached skill level 10 in Long Blades
 16217 | D:13     | Noticed a boulder beetle
 16253 | D:13     | Killed a boulder beetle
 16506 | D:12     | HP: 3/92 [skeletal warrior[a skeletal warrior] (20)]
 16794 | Orc:1    | Entered Level 1 of the Orcish Mines
 16896 | D:13     | Identified the amulet of Mutualism {rPois Will+ Regen+}
 17234 | D:14     | Noticed a vault guard
 17243 | D:15     | Entered Level 15 of the Dungeon
 17281 | D:14     | HP: 1/92 [flayed ghost (16)]
 17281 | D:14     | Slain by a white ugly thing

Illustrated notes

Levels and vault maps discovered:
D:1:      minmay_arrival_statue_studded, layout_basic, minmay_lizard_pond
D:2:      layout_loops_corners, ebering_ecumenical_altar_petrified,
          uniq_terence, uniq_natasha, uniq_sigmund
D:3:      layout_loops_ring, lemuel_doored_altar, old_standard_altar
D:4:      layout_loops_cross, cheibriados_altar_1, minmay_door_square, uniq_ijyb
D:5:      layout_gridville, bloody_trog, ashenzari_altar_1, serial_shops, shop,
          chequers_serial_rivers_room_b, grunt_ministairs_11,
          nicolae_shop_sticking_my_neck_out, uniq_prince_ribbit1
D:6:      layout_cave_pools, mainiacjoe_overflow_cross_hatched,
          minmay_misc_feat_columns, dk_noncrumbling_3
D:7:      layout_cave_pools, mainiacjoe_overflow_six_doors_small,
          temple_fountains, st_stairs_7
D:8:      layout_gridville, okawaru_humans, dpeg_oklobed_lair,
          ebering_ghost_gozag
D:9:      layout_cave_pods, nemelex_xobeh_ov_fountains_minmay,
          nicolae_straight_to_the_point
D:10:     layout_basic, general_overflow_altar, minitemple, serial_shops,
          nicolae_shop_statue_plus
D:11:     minmay_glassy_protrusions, layout_stronghold, lightli_fourway_metalbox
D:12:     minmay_ornate_pinched, layout_gridville
D:13:     layout_roguey, special_room [special_room_orc],
          nicolae_ru_great_annihilating_truth
D:14:     layout_long_grid, grunt_vaults_entry_fortified, serial_bayou_shore_b,
          drop_trap, minmay_puff
D:15:     gammafunk_depths_entry_grave, layout_basic
Temple:   zaba_magenta_temple
Orc:1:    layout_diamond_mine, serial_shops, nicolae_square_shop

Skill      XL: |  1  2  3  4  5  6  7  8  9 10 11 12 |
---------------+-------------------------------------+-----
Dodging        | 2 4 5 6 7 |  7.2
Long Blades    | 3 4 5 6 8 9 10 | 10.4
Fighting       | 4 5 6 8 |  8.0
Evocations     | 1 4 |  4.7
Translocations | 2 |  2.4
Shields        | 4 |  4.0
Armour         | 8 |  8.8
Spellcasting   | 7 |  7.0
Maces & Flails | |  1.5
Stealth        | |  4.1

Action                   |  1- 3 |  4- 6 |  7- 9 | 10-12 || total
-------------------------+-------+-------+-------+-------++-------
Melee: Scimitar          |    66 |    46 |   171 |   556 ||   839
       Punch             |       |     1 |       |       ||     1
Throw: Dart              |     2 |       |     5 |     3 ||    10
Invok: Curse Item        |     2 |     1 |     3 |     5 ||    11
       Shatter the Chain |       |       |       |     4 ||     4
Evoke: Wand              |       |       |     6 |    33 ||    39
  Use: Scroll            |     5 |       |     2 |     3 ||    10
 Stab: Sleeping          |     7 |     6 |     4 |     6 ||    23
       Distracted        |       |     1 |       |     7 ||     8
       Invisible         |       |       |     1 |       ||     1
       Paralysed         |       |       |       |    21 ||    21
Armor: Leather armour    |    19 |     7 |    25 |    10 ||    61
       Steam dragon scal |       |       |       |    54 ||    54
       Troll leather arm |       |       |       |    15 ||    15
Dodge: Dodged            |    47 |    27 |   102 |   311 ||   487
Block: Buckler           |       |       |     1 |   133 ||   134

Table legend: (Time is in decaauts)
 A = Elapsed time spent in this place.
 B = Non-inter-level travel time spent in this place.
 C = Inter-level travel time spent in this place.
 D = Time resting spent in this place.
 E = Time spent auto-exploring this place.
 F = Levels seen in this place.
 G = Mean time per level.
                   A        B        C        D        E       F      G
               +--------+--------+--------+--------+--------+-----+--------+
         Total |  17265 |  16300 |    965 |   3514 |   9702 |  17 | 1015.6 |
       Dungeon |  17015 |  16050 |    965 |   3326 |   9679 |  15 | 1134.3 |
        Temple |    211 |    211 |      0 |    188 |      0 |   1 |  211.0 |
  Orcish Mines |     39 |     39 |      0 |      0 |     23 |   1 |   39.0 |
               +--------+--------+--------+--------+--------+-----+--------+

Top non-repeatable levels by time:
    D:12: 1760 daAuts
     D:1: 1590 daAuts
     D:8: 1535 daAuts
    D:13: 1508 daAuts
     D:5: 1487 daAuts
     D:9: 1395 daAuts
     D:6: 1292 daAuts
    D:11: 1245 daAuts
    D:10: 1199 daAuts
     D:7: 1166 daAuts
     D:2: 920 daAuts
     D:4: 792 daAuts
     D:3: 763 daAuts
    D:14: 348 daAuts
  Temple: 211 daAuts
